 Dungeon Crawl Stone Soup version 0.23-a0-639-ga9a3373 (webtiles) character file.

133 Leeroy the Slasher (level 4, 0/54 HPs)
             Began as a Draconian Skald on Dec 29, 2018.
             Slain by Sigmund
             ... wielding a +0 scythe
              (4 damage)
             ... on level 3 of the Dungeon.
             The game lasted 00:06:54 (2291 turns).

Leeroy the Slasher (Draconian Skald)                Turns: 2291, Time: 00:06:55

Health: 0/54       AC: 22    Str: 13    XL:     4   Next: 93%
Magic:  4/7        EV:  2    Int: 15    God:
Gold:   125        SH:  0    Dex: 10    Spells: 3/7 levels left

rFire    . . .     SeeInvis .   a - +0 falchion
rCold    . . .     Gourm    .   (no shield)
rNeg     + + +     Faith    .   (armour unavailable)
rPois    +         Spirit   .   (helmet currently unavailable)
rElec    .         Reflect  .   (cloak currently unavailable)
rCorr    .         Harm     .   (gloves currently unavailable)
MR       .....     NoTele   +   (boots currently unavailable)
Stlth    +.........             (no amulet)
HPRegen  0.18/turn              (no ring)
MPRegen  0.10/turn              (no ring)

@: tree-form, very slightly contaminated, glowing
A: unfitting armour, AC +5
a: no special abilities


You were on level 3 of the Dungeon.
You were not hungry.
You were a tree.
You visited 1 branch of the dungeon, and saw 3 of its levels.

You collected 125 gold pieces.

Inventory:

Hand Weapons
 a - a +0 falchion (weapon)
 d - a +0 short sword
 f - a +0 dagger
 s - a +0 spear
Missiles
 l - 74 stones (quivered)
 m - 13 sling bullets
 p - 4 poisoned needles
 r - 17 bolts
Armour
 i - a +0 pair of boots (melded)
Jewellery
 h - an uncursed ring of stealth {unknown}
Scrolls
 b - 2 scrolls of teleportation {unknown}
 e - 2 scrolls of identify {unknown}
 g - 2 scrolls of blinking {unknown}
 o - 2 scrolls of random uselessness {unknown}
 q - a scroll of enchant weapon {unknown}
 t - a scroll of fog {unknown}
 u - a scroll of enchant armour {unknown}
Comestibles
 c - 4 rations
 n - 14 chunks of flesh


   Skills:
 - Level 2.2 Fighting
 * Level 5.1 Long Blades
 - Level 2.1 Dodging
 - Level 2.0 Spellcasting
 - Level 2.7 Charms


You had 3 spell levels left.
You knew the following spells:

 Your Spells              Type           Power        Failure   Level  Hunger
a - Infusion              Chrm           #...         8%          1    #......
b - Spectral Weapon       Hex/Chrm       #.......     36%         3    ###....

Your spell library contained the following spells:

 Spells                   Type           Power        Failure   Level  Hunger
 Song of Slaying          Chrm           #.......     11%         2    ###....
 Shroud of Golubria       Chrm/Tloc      #.........   19%         2    ###....
 Regeneration             Chrm/Necr      #.........   36%         3    ###....


Dungeon Overview and Level Annotations

Branches:
Dungeon (3/15)

Altars:
Ashenzari
Nemelex Xobeh
Qazlal
Trog
Uskayaw
Xom

Annotations:
D:3 Sigmund


Innate Abilities, Weirdness & Mutations

((Your plain brown scales are hard. (AC +5)))
You cannot fit into any form of body armour.
((You are cold-blooded and may be slowed by cold attacks.))


Message History

Something hits you!
* * * LOW HITPOINT WARNING * * *
Unknown command.
It was a potion of lignification.
You turn into a tree.
Your +0 pair of boots melds into your body.
Your roots penetrate the ground.
You closely miss something.
Your spectral weapon fades away.
Something hits you.
* * * LOW HITPOINT WARNING * * *
Unknown command.
It was a potion of magic.
Magic courses through your body. Something hits you but does no damage.
Casting: Spectral Weapon (slightly dangerous; 36% risk of failure)
Confirm with . or Enter, or press ? or * to list all spells.
You miscast Spectral Weapon.
You are very lightly contaminated with residual magic.
You are outlined in light.
You hit something but do no damage. Something hits you.
You die...

.........##.##÷
###
########..).).. ..
..## ####.#.. ...
..# ########.##.
...### #.#
#...)....###
..#...##.###
###.######.##.
.#.....#...###...#
#.##.
........#......###
#.#..
#.........♣#####
....# #........#{#
#...
##.....###gg......
...# #.....
.bb...... ###.#
#...... #####.....
#...... .####
#...... # ##>....
##...#


You could see a hobgoblin, a goblin and 2 bats.

Vanquished Creatures
  An orc wizard (D:3)
  3 adders (D:2)
  An ooze (D:1)
  2 worms (D:2)
  2 dart slugs
  A leopard gecko (D:1)
  2 orcs (D:3)
  A ball python (D:3)
  7 bats
  3 giant cockroaches
  7 goblins
  6 hobgoblins
  8 jackals
  2 quokkas (D:2)
  A frilled lizard (D:2)
  8 kobolds
  3 rats
58 creatures vanquished.

Notes
Turn   | Place    | Note
-------+----------+-------------------------------------------
     0 | D:1      | Leeroy the Draconian Skald began the quest for the Orb.
     0 | D:1      | Reached XP level 1. HP: 17/17 MP: 3/3
    92 | D:1      | Reached XP level 2. HP: 23/24 MP: 5/5
   158 | D:1      | Reached skill level 3 in Long Blades
   545 | D:1      | Reached XP level 3. HP: 20/29 MP: 6/6
   709 | D:1      | Learned a level 3 spell: Spectral Weapon
   770 | D:2      | Found a stormy altar of Qazlal.
   956 | D:2      | Found a faded altar of an unknown god.
   973 | D:2      | Became a worshipper of Uskayaw the Reveler
   973 | D:2      | Reached * piety under Uskayaw
   978 | D:2      | Fell from the grace of Uskayaw
   996 | D:2      | Became a worshipper of Uskayaw the Reveler
   997 | D:2      | Fell from the grace of Uskayaw
  1015 | D:2      | Reached skill level 4 in Long Blades
  1118 | D:2      | Reached XP level 4. HP: 19/36 MP: 7/7
  1225 | D:2      | Found a bloodstained altar of Trog.
  1238 | D:2      | Found a shimmering altar of Xom.
  1247 | D:2      | Found a sparkling altar of Nemelex Xobeh.
  2046 | D:2      | Found a shattered altar of Ashenzari.
  2152 | D:3      | Reached skill level 5 in Long Blades
  2268 | D:3      | Noticed Sigmund
  2291 | D:3      | Slain by Sigmund

Vault maps used:
D:1:      giann_bridges
D:2:      nicolae_qazlal_general_emergency, nicolae_overflow_quartered_altars,
          chequers_ecumenical_altar_simple, dk_noncrumbling_2
D:3:      nicolae_dithmenos_shadow_blocks, uniq_robin, uniq_jessica,
          uniq_crazy_yiuf_cottage, uniq_sigmund

Skill      XL: |  1  2  3  4 |
---------------+-------------+-----
Long Blades    | 3 4 5 |  5.1
Fighting       | |  2.2
Dodging        | |  2.1
Spellcasting   | |  2.0
Charms         | |  2.7

Action                   |  1- 3 |  4- 6 || total
-------------------------+-------+-------++-------
Melee: Falchion          |   122 |    72 ||   194
       Tailslap          |    19 |     6 ||    25
       Dagger            |     1 |       ||     1
Throw: Stone             |       |    12 ||    12
 Cast: Spectral Weapon   |       |     1 ||     1
Invok: Renounce Religion |     2 |       ||     2
  Use: Potion            |     4 |     2 ||     6
 Stab: Sleeping          |     2 |       ||     2
  Eat: Chunk             |     1 |     1 ||     2
       Ration            |       |     1 ||     1
Armor: Skin              |    39 |    21 ||    60
Dodge: Dodged            |    91 |    61 ||   152
       Rpst.: Falchion   |    28 |    16 ||    44

Table legend:
 A = Non-vault XP
 B = Vault XP
 C = Vault XP percentage of total XP
 D = Non-vault monster count
 E = Vault monster count
 F = Vault count percentage of total count
                 A         B        C        D         E       F
            +---------+---------+-------+---------+---------+-------
      Total |     190 |       0 |   0.0 |      57 |       0 |   0.0
            +---------+---------+-------+---------+---------+-------
        D:1 |      54 |       0 |   0.0 |      26 |       0 |   0.0
        D:2 |      72 |       0 |   0.0 |      18 |       0 |   0.0
        D:3 |      64 |       0 |   0.0 |      13 |       0 |   0.0
            +---------+---------+-------+---------+---------+-------
